 Dungeon Crawl Stone Soup version 0.28-a0-1415-g7c84da036a (webtiles) character file.

Game seed: 10628987851303433670

123 eustatius the Covered (level 4, -2/40 HPs)
             Began as a Minotaur Fighter on Jan 8, 2022.
             Was a Follower of Qazlal.
             Succumbed to an orc wizard's poison
             ... on level 3 of the Dungeon.
             The game lasted 00:08:11 (2249 turns).

eustatius the Covered (Minotaur Fighter)            Turns: 2249, Time: 00:08:12

Health: -2/40      AC:  7    Str: 23    XL:     4   Next: 80%
Magic:  3/3        EV:  9    Int:  5    God:    Qazlal [*.....]
Gold:   55         SH:  6    Dex:  9    Spells: 3/3 levels left

rFire   . . .      SeeInvis .   j - +0 morningstar
rCold   . . .      Faith    .   c - +0 buckler
rNeg    . . .      Spirit   .   b - +0 scale mail
rPois   .          Reflect  .   (helmet restricted)
rElec   .          Harm     .   (no cloak)
rCorr   .          Rampage  .   (no gloves)
Will    .....                   (no boots)
Stlth   ..........              (no amulet)
HPRegen 0.13/turn               (no ring)
MPRegen 0.08/turn               (no ring)

@: lethally poisoned (-2 -> -16)
A: horns 2, retaliatory headbutt
a: Renounce Religion


You were on level 3 of the Dungeon.
You worshipped Qazlal.
Qazlal was aware of your devotion.
You visited 1 branch of the dungeon, and saw 3 of its levels.

You collected 55 gold pieces.

Inventory:

Hand Weapons
 a - a +0 flail
 e - a +1 dagger of speed
 j - a +0 morningstar (weapon)
Armour
 b - a +0 scale mail (worn)
 c - a +0 buckler (worn)
 d - a +2 robe of willpower
Scrolls
 f - a scroll of enchant armour {unknown}
 h - a scroll of identify {unknown}
 i - a scroll of fear {unknown}


   Skills:
 + Level 4.0 Fighting
 * Level 4.0 Maces & Flails
 + Level 5.3 Armour
 - Level 0.1 Stealth
 * Level 4.0 Shields


You had 3 spell levels left.
You didn't know any spells.
Your spell library contained the following spells:

 Spells                   Type           Power      Damage    Failure   Level
 Iskenderun's Battlesphe  Conj           0%         2d6       100%        5
 Iron Shot                Conj/Erth      0%         9d1       100%        6
 Spellforged Servitor     Conj/Summ      0%         N/A       100%        7


Dungeon Overview and Level Annotations

Branches:
Dungeon (3/15)

Altars:
Qazlal


Innate Abilities, Weirdness & Mutations

You have a pair of horns on your head.
You reflexively headbutt those who attack you in melee.


Message History

You block the orc's attack.
You closely miss the orc. Your headbutt misses the orc.
You block the orc's attack.
You barely miss the orc.
You hear some strange, mumbled words.
A puff of flame appears from out of thin air!
The puff of flame misses you. The orc closely misses you.
You furiously retaliate!
You headbutt the orc. You puncture the orc!
You kill the orc!
Qazlal accepts your kill.
You hit something but do no damage. Your headbutt misses something.
Something hits you.
You are poisoned.
Something hits you but does no damage.
You are more poisoned.
You miss something. Your headbutt misses something.
You feel very sick. Something hits you.
You are more poisoned.
You barely miss something. Your headbutt misses something.
You feel very sick. Something hits you but does no damage.
You are lethally poisoned!
You miss something. Your headbutt misses something.
You feel extremely sick.
You hear some strange, mumbled words.
Something tries to affect you, but you resist.
You hear some strange, mumbled words.
A magic dart appears from out of thin air!
The magic dart hits you.
* * * LOW HITPOINT WARNING * * *
You puncture something!
* * * LOW HITPOINT WARNING * * *
You feel very sick. Something hits you.
* * * LOW HITPOINT WARNING * * *
Unknown command.
You miss something. Your headbutt misses something.
You die...

#####.# ##...# #...###...
......# #...## ###..##...
......# ##...#### ##..#...
####### #......#### ###.###.
##........###.......
###................
#####........<...
###################...##....
#..........@)...###.#######.
############{#####..# #.##.
#.)#####.## #.##.
###........#####....
#.)o.###....รท.##.##.
#..#.###.####....##.
##....##..# #.....)..
#....##..## #........
##....##.## #..(.....


There were no monsters in sight!

Vanquished Creatures
  Jessica (D:2)
  Terence (D:2)
  2 adders (D:2)
  2 worms (D:2)
  2 dart slugs
  2 orcs (D:3)
  4 ball pythons
  2 bats (D:2)
  2 endoplasms (D:1)
  A giant cockroach (D:2)
  6 goblins
  7 hobgoblins
  4 kobolds
  A quokka (D:1)
  3 frilled lizards
  2 rats
42 creatures vanquished.

Notes
Turn   | Place    | Note
-------+----------+-------------------------------------------
     0 | D:1      | eustatius the Minotaur Fighter began the quest for the Orb.
     0 | D:1      | Reached XP level 1. HP: 19/19 MP: 0/0
   235 | D:1      | Reached XP level 2. HP: 18/27 MP: 1/1
   809 | D:2      | Noticed Terence
   817 | D:2      | Killed Terence
   818 | D:2      | Reached skill level 4 in Armour
   818 | D:2      | Reached XP level 3. HP: 15/33 MP: 2/2
   830 | D:2      | Noticed Jessica
   841 | D:2      | Killed Jessica
   842 | D:2      | Reached XP level 4. HP: 4/40 MP: 3/3
  1181 | D:2      | Reached skill level 5 in Armour
  1447 | D:2      | Found a faded altar of an unknown god.
  1455 | D:2      | Prayed at the altar of an unknown god.
  1455 | D:2      | Became a worshipper of Qazlal Stormbringer
  1455 | D:2      | Reached * piety under Qazlal
  2248 | D:3      | HP: 1/40 [something (5)]
  2249 | D:3      | Succumbed to an orc wizard's poison

Illustrated notes

Levels and vault maps discovered:
D:1:      amcnicky_arrival_double_pillar, layout_basic
D:2:      layout_loops_ring, hellmonk_ecumenical_altar_run_dry, uniq_jessica,
          uniq_terence
D:3:      layout_rooms, serial_curves, eino_curves_04, eino_curves_04,
          eino_curves_04, eino_curves_01

Skill      XL: |  1  2  3  4 |
---------------+-------------+-----
Maces & Flails | 3 4 |  4.0
Armour         | 4 5 |  5.3
Fighting       | 4 |  4.0
Shields        | 4 |  4.0
Stealth        | |  0.1

Action                   |  1- 3 |  4- 6 || total
-------------------------+-------+-------++-------
Melee: Flail             |    45 |       ||    45
       Headbutt          |     5 |     4 ||     9
       Morningstar       |     3 |    45 ||    48
  Use: Potion            |     2 |       ||     2
       Scroll            |     1 |       ||     1
Armor: Scale mail        |    20 |    11 ||    31
Dodge: Dodged            |    16 |    28 ||    44
Block: Buckler           |     9 |    10 ||    19

Table legend: (Time is in decaauts)
 A = Elapsed time spent in this place.
 B = Non-inter-level travel time spent in this place.
 C = Inter-level travel time spent in this place.
 D = Time resting spent in this place.
 E = Time spent auto-exploring this place.
 F = Levels seen in this place.
 G = Mean time per level.
                   A        B        C        D        E       F      G
               +--------+--------+--------+--------+--------+-----+--------+
         Total |   2257 |   2233 |     24 |    249 |   1380 |   3 |  752.3 |
       Dungeon |   2257 |   2233 |     24 |    249 |   1380 |   3 |  752.3 |
               +--------+--------+--------+--------+--------+-----+--------+

Top non-repeatable levels by time:
     D:2: 1177 daAuts
     D:1: 718 daAuts
     D:3: 361 daAuts
